 Dungeon Crawl Stone Soup version 0.19.1 (webtiles) character file.

1108 Gargoyl the Cudgeler (level 8, -3/70 HPs)
             Began as a White Draconian Abyssal Knight on Dec 2, 2016.
             Was an Elder of Lugonu.
             Shot with an arrow by a centaur (8 damage)
             ... on level 5 of the Dungeon.
             The game lasted 00:10:38 (4911 turns).

Gargoyl the Cudgeler (DrAK)                         Turns: 4911, Time: 00:10:39

Health: -3/70      AC:  9    Str: 21    XL:     8   Next: 11%
Magic:  10/10      EV: 13    Int: 14    God:    Lugonu [****..]
Gold:   93         SH:  3    Dex: 10    Spells: 0 memorised, 7 levels left

rFire  . . .     SeeInvis .     c - +8 flail of Harmony {freeze, rC+ MR- Str+3 Int+2}
rCold  + + .     Gourm    .     (armour unavailable)
rNeg   . . .     Faith    .     n - +0 buckler
rPois  .         Spirit   .     (helmet restricted)
rElec  .         Reflect  .     v - +2 cloak
rCorr  .         Harm     .     (no gloves)
MR     .....                    (no boots)
Stlth  +.........               (no amulet)
                                (no ring)
                                (no ring)

@: short of breath, invisible
A: breathe frost, unfitting armour, cold resistance 1, cold-blooded, AC +6
a: Breathe Frost, Depart the Abyss, Bend Space, Banish, Corrupt, Renounce
Religion


You were on level 5 of the Dungeon.
You worshipped Lugonu.
Lugonu was greatly pleased with you.
You were not hungry.

You visited 1 branch of the dungeon, and saw 5 of its levels.
You visited the Abyss 1 time.

You collected 249 gold pieces.
You spent 156 gold pieces at shops.

Inventory:

Hand Weapons
 a - a +1 hand axe
 c - the +8 flail of Harmony (weapon) {freeze, rC+ MR- Str+3 Int+2}
   (You found it on level 2 of the Abyss)

   It has been specially enchanted to freeze those struck by it, causing extra
   injury to most foes and up to half again as much damage against particularly
   susceptible opponents.
   It can also slow down cold-blooded creatures.
   It affects your strength (+3).
   It affects your intelligence (+2).
   It protects you from cold.
   It affects your resistance to hostile enchantments.
 y - a +1 broad axe of flaming
Armour
 n - a +0 buckler (worn)
 v - a +2 cloak (worn)
Wands
 q - a wand of teleportation (5/9)
 u - a wand of digging (12/24)
Scrolls
 d - a scroll of remove curse {unknown}
 e - a scroll of enchant weapon {unknown}
 h - 4 scrolls of identify {unknown}
 i - 2 scrolls of amnesia {unknown}
 j - 3 scrolls of teleportation {unknown}
 l - a scroll of fear {unknown}
 o - 2 scrolls of magic mapping {unknown}
Potions
 f - 3 potions of might
 g - a potion of brilliance {unknown}
 m - 3 potions of invisibility
 p - 2 potions of cancellation {unknown}
 r - 2 potions of lignification {unknown}
 t - a potion of cure mutation {unknown}
 w - a potion of ambrosia {unknown}
 z - a potion of degeneration {unknown}
 A - a potion of curing {unknown}
 D - a potion of heal wounds {unknown}
Comestibles
 b - 2 bread rations
 k - 2 beef jerkies
 s - a slice of pizza
 x - a royal jelly
 B - a meat ration
 C - 4 chunks of flesh


   Skills:
 * Level 5.6 Fighting
 + Level 2.2(4.3) Axes
 + Level 5.9(6.1) Maces & Flails
 * Level 5.0 Dodging
 + Level 1.3 Stealth
 + Level 1.2 Shields
 * Level 3.0 Invocations


You had 7 spell levels left.
You didn't know any spells.

Dungeon Overview and Level Annotations

Branches:
Dungeon (5/15)
 Temple: D:4-7

Altars:
Cheibriados
Qazlal

Shops:
D:5 (

Annotations:
D:5 Dowan


Innate Abilities, Weirdness & Mutations

You can breathe waves of freezing cold.
You can buffet flying creatures when you breathe cold.
Your icy white scales are hard. (AC +6)
You cannot fit into any form of body armour.
Your flesh is cold resistant. (rC+)
You are cold-blooded and may be slowed by cold attacks.


Message History

The arrow hits you. Duvessa closely misses you.
Unknown command.
You sock Duvessa! You freeze Duvessa.
You kill Duvessa!
Lugonu accepts your kill.
Dowan screams, "No!
Oh no!"
Dowan seems to find hidden reserves of power!
Your Dodging skill increases to level 5!
Your Invocations skill increases to level 3!
The centaur shoots an arrow.
The arrow hits you!
* * * LOW HITPOINT WARNING * * *
Dowan hits you with a dagger.
* * * LOW HITPOINT WARNING * * *
The centaur shoots an arrow.
The arrow closely misses you.
Dowan casts a spell.
Dowan blinks!
It was a potion of invisibility.
You fade into invisibility!
The centaur shoots an arrow.
The arrow hits you!
You die...

#+# ###.∩..... ....
#.'.......
....###########.#.......
................#.######
....#..(#########.# .
+.((....... #.#
#..%....... #.#
#..(.....$. #.#
#(.@....c.. #.#
#..)§...... #.#
#.......... #.#
#.?.e...... #..........
###########


You could see Dowan and a centaur.

Vanquished Creatures
  Grinder (D:3)
  Duvessa (D:5)
  2 ogres
  Blork the orc (D:5)
  A scorpion (D:4)
  A water moccasin skeleton (D:4)
  An orc priest (D:5)
  2 bullfrog skeletons (D:4)
  A gnoll shaman (D:4)
  A hound (D:4)
  Crazy Yiuf (D:3)
  Natasha (twice) (D:3)
  A worker ant (D:4)
  Robin (D:3)
  4 gnolls
  6 adders
  2 oozes
  4 worms
  3 dart slugs
  2 leopard geckos
  4 orcs
  7 bats
  8 giant cockroaches
  16 goblins
  10 hobgoblins
  16 jackals
  15 kobolds
  5 quokkas
  2 ball pythons
  4 frilled lizards
  9 rats
134 creatures vanquished.

Notes
Turn   | Place    | Note
-------+----------+-------------------------------------------
     0 | Abyss:1  | Gargoyl the Draconian Abyssal Knight began the quest for the Orb.
     0 | Abyss:1  | Reached XP level 1. HP: 19/19 MP: 2/2
   123 | Abyss:2  | Got a scorched flail
   166 | Abyss:2  | Noticed a large abomination
   180 | Abyss:2  | Noticed a large abomination
   184 | Abyss:2  | Noticed an iron imp
   185 | D:1      | Escaped the Abyss
   186 | D:1      | Identified the +8 flail of Harmony {freeze, rC+ MR- Str+3 Int+2} (You found it on level 2 of the Abyss)
   351 | D:1      | Reached XP level 2. HP: 17/26 MP: 3/3
   474 | D:1      | Reached * piety under Lugonu
   616 | D:1      | Reached skill level 1 in Maces & Flails
   747 | D:1      | Reached XP level 3. HP: 33/33 MP: 4/4
  1331 | D:2      | Reached ** piety under Lugonu
  1487 | D:2      | Reached XP level 4. HP: 40/40 MP: 5/5
  1511 | D:2      | Found a stormy altar of Qazlal.
  2291 | D:3      | Found a snail-covered altar of Cheibriados.
  2334 | D:3      | Noticed Robin
  2347 | D:3      | Killed Robin
  2347 | D:3      | Reached XP level 5. HP: 47/47 MP: 6/6
  2355 | D:3      | Reached *** piety under Lugonu
  2540 | D:3      | Noticed Natasha
  2543 | D:3      | Killed Natasha
  2746 | D:4      | Reached XP level 6. HP: 42/53 MP: 7/7
  3148 | D:3      | Noticed Natasha
  3250 | D:3      | Killed Natasha
  3401 | D:3      | Noticed Grinder
  3401 | D:3      | Paralysed by Grinder for 4 turns
  3605 | D:3      | Killed Grinder
  3605 | D:3      | Reached skill level 5 in Fighting
  3605 | D:3      | Reached skill level 1 in Stealth
  3605 | D:3      | Your scales start taking on an icy white colour.
  3605 | D:3      | Reached XP level 7. HP: 33/61 MP: 8/8
  3605 | D:3      | Gained mutation: Your flesh is cold resistant. (rC+) [White Draconian growth]
  3856 | D:3      | Found a runed door.
  3860 | D:3      | Noticed Crazy Yiuf
  3864 | D:3      | Killed Crazy Yiuf
  3864 | D:3      | Reached skill level 5 in Maces & Flails
  4172 | D:4      | Reached **** piety under Lugonu
  4778 | D:5      | Entered Level 5 of the Dungeon
  4838 | D:5      | Noticed Blork the orc
  4849 | D:5      | Killed Blork the orc
  4849 | D:5      | Reached skill level 1 in Shields
  4853 | D:5      | Reached XP level 8. HP: 54/70 MP: 10/10
  4880 | D:5      | Found Zoqoante's Weapon Boutique.
  4888 | D:5      | Bought a +1 broad axe of flaming for 156 gold pieces
  4904 | D:5      | Noticed Dowan
  4904 | D:5      | Noticed Duvessa
  4910 | D:5      | Killed Duvessa
  4910 | D:5      | Reached skill level 5 in Dodging
  4911 | D:5      | Shot with an arrow by a centaur

Skill      XL: |  1  2  3  4  5  6  7  8 |
---------------+-------------------------+-----
Maces & Flails | 1 2 4 5 |  5.9
Fighting       | 4 5 |  5.6
Dodging        | 3 4 5 |  5.0
Stealth        | 1 |  1.3
Shields        | 1 |  1.2
Invocations    | 3 |  3.0
Axes           | |  2.2

Action                   |  1- 3 |  4- 6 |  7- 9 || total
-------------------------+-------+-------+-------++-------
Melee: Hand axe          |    26 |       |       ||    26
       Flail             |    80 |   130 |    69 ||   279
       Tailslap          |    10 |     8 |     4 ||    22
Invok: Depart the Abyss  |     1 |       |       ||     1
 Abil: Breathe Frost     |       |       |     6 ||     6
  Use: Potion            |       |     1 |     1 ||     2
  Eat: Chunk             |     2 |     6 |     6 ||    14
Armor: Skin              |    52 |    43 |    25 ||   120
Dodge: Dodged            |    83 |    88 |    36 ||   207
Block: Buckler           |       |    14 |     7 ||    21
